Map: Abiogenesis LE

Players

Jason

  • Race: Terran Terran
  • League: Grandmaster
  • Spawn Location: 5:00

Rob - Winner!

  • Race: Protoss Protoss
  • League: Grandmaster
  • Spawn Location: 11:00

VOD

Have the link to the VOD?

Description

Time

  • Played on: May 13, 2019, 5:32 p.m.
  • Length: 6:31
Show
View Real Time Build Order
Export as new Build Order

Jason Terran 

Build Orders:  

Get SALT Encoding   

  12  0:01  SCV  
  13  0:13  SCV  
  14  0:17  Supply Depot  
  14  0:25  SCV  
  15  0:31  Refinery  
  15  0:39  SCV  
  16  0:45  Barracks  
  16  0:51  SCV  
  17  1:02  Barracks  
  17  1:16  Barracks  
  17  1:20  SCV  
  18  1:33  Reaper  
  18  1:37  Refinery  
  19  1:43  Supply Depot  
  19  1:53  Reaper  
  20  2:00  Engineering Bay  
  20  2:04  Reaper  
  21  2:10  Reaper  
  22  2:25  Orbital Command  
  22  2:30  Reaper  
  23  2:38  Terran Infantry Weapons Level 1  
  24  2:44  Reaper  
  24  2:50  SCV  
  25  2:55  Reaper  
  26  3:01  Supply Depot  
  26  3:12  SCV, Reaper  
  28  3:16  Reaper  
  28  3:24  SCV  
  29  3:28  Reaper  
  29  3:32  Supply Depot  
  30  3:36  SCV  
  31  3:44  Reaper  
  31  3:48  Reaper  
  33  3:49  SCV  
  34  4:00  Reaper  
  34  4:01  SCV  
  34  4:13  SCV  
  34  4:16  Reaper  
  36  4:20  Reaper, Command Center  
  35  4:34  SCV, Reaper  
  35  4:36  Missile Turret  
  35  4:39  Missile Turret  
  28  4:46  SCV  
  28  4:49  Reaper  
  25  4:56  Reaper  
  26  5:06  Reaper  
  25  5:11  SCV  
  25  5:21  Reaper  
  25  5:23  SCV  
  27  5:29  Reaper  
  27  5:35  SCV  
  27  5:38  Reaper  
  29  5:47  SCV  
  30  5:53  Reaper  
  31  6:00  SCV  
  32  6:12  SCV  
Show
View Real Time Build Order
Export as new Build Order

Rob Protoss - Winner!

Build Orders: 1 Gate Expand, Oracle Opening 

Get SALT Encoding   

  12  0:00  Probe  
  13  0:12  Probe  
  14  0:18  Pylon  
  14  0:24  Probe  
  15  0:32  Probe  
  15  0:37  Gateway  
  15  0:40  Probe  
  16  0:46  Assimilator  
  17  0:51  Probe  
  18  1:03  Probe  
  19  1:15  Probe  
  20  1:25  Cybernetics Core  
  20  1:27  Probe  
  21  1:37  Nexus  
  21  1:44  Pylon  
  21  1:48  Probe  
  21  1:53  Adept  
  22  1:57  Assimilator  
  22  2:00  Probe  
  23  2:05  Warp Gate  
  25  2:13  Stalker, Probe  
  26  2:25  Probe  
  29  2:35  Pylon  
  29  2:38  Probe  
  30  2:49  Probe  
  30  2:50  Probe  
  32  2:51  Stalker  
  32  2:55  Stargate  
  32  3:00  Shield Battery  
  34  3:10  Probe x2  
  35  3:15  Stalker  
  33  3:22  Probe  
  36  3:34  Gateway  
  36  3:35  Gateway  
  36  3:45  Oracle  
  37  3:58  Stalker  
  37  4:17  Oracle  
  37  4:20  Shield Battery  
  37  4:22  Stalker  
  42  4:29  Stalker  
  40  4:34  Stalker  
  37  4:55  Stalker  
  37  4:56  Zealot  
  41  5:00  Stalker  
  41  5:01  Probe  
  41  5:02  Probe  
  45  5:14  Probe x2  
  47  5:23  Stalker  
  47  5:24  Stalker  
  47  5:26  Probe x2  
  53  5:32  Stalker  
  53  5:38  Probe  
  54  5:45  Pylon  
  54  5:50  Shield Battery  
  54  6:03  Probe x2  
  54  6:04  Stalker  
  61  6:08  Pylon  
  61  6:10  Pylon  
  61  6:15  Probe  
  62  6:29  Stalker x2  
Tags
 
Add a new tag
Caveats
  • Supply blocks, unpowered buildings, or Contaminate may cause inaccurate times.
  • Supply counts are checked every 10 seconds.